cohdb
Replays
Latest Replays
All Replays
Popular Replays
Top Player Replays
Match Explorer
How It Works
Community
CoH3 Stats
Reddit
Sign in to upload your games and track your stats! →
Sign in with Steam
Match 47188132
Unlisted
Match 47188132
Overview
Messages
Build Orders
End
Royal Engineer Section
Construct Section Command Post
Selects Heavy Armor Battlegroup
Dingo Light Scout Car
Infantry Section
Infantry Section
Infantry Section
Construct Platoon Command Post
Construct Field Infirmary
Unlock M3 Stuart Light Tanks
Selects Engineer Detachments
Selects Light Vehicle Withdraw and Refit
Light Vehicle Withdraw and Refit
M3 Stuart Light Tank
M3 Stuart Light Tank
Light Vehicle Training
Grenade Package
6-pounder Anti-tank Gun Team
Construct Company Command Post
Light Vehicle Withdraw and Refit
Infantry Section
Unlock M3 Grant Medium Tanks
M3 Grant Medium Tank
Light Vehicle Withdraw and Refit
Infantry Section
M3 Grant Medium Tank
Selects Radio Net
Selects Recon Artillery
Armored Vehicle Training
M3 Grant Medium Tank
M3 Grant Medium Tank
Makros
Nico-Nico-Nii~~
0
0
Comments
sign in to comment!
No comments posted yet!